 Dungeon Crawl Stone Soup version 0.26-a0-490-gf8362a0c98 (webtiles) character file.

Game seed: 7997177327776145564

490 KristoblXynda the Slasher (level 7, -7/64 HPs)
             Began as a Naga Gladiator on Aug 4, 2020.
             Was a Follower of Cheibriados.
             Killed from afar by Edmund (27 damage)
             ... with an exploding inner flame
             ... hexed by the player character
             ... on level 4 of the Dungeon.
             The game lasted 00:04:51 (5349 turns).

KristoblXynda the Slasher (Naga Gladiator)          Turns: 5349, Time: 00:04:53

Health: -7/64      AC:  6    Str: 21    XL:     7   Next: 14%
Magic:  7/7        EV: 11    Int: 12    God:    Cheibriados [*.....]
Gold:   168        SH:  0    Dex: 15    Spells: 6/6 levels left

rFire    . . .     SeeInvis +   a - +0 long sword
rCold    . . .     Faith    .   (no shield)
rNeg     . . .     Spirit   .   e - +0 ring mail
rPois    +         Reflect  .   c - +0 helmet
rElec    .         Harm     .   (no cloak)
rCorr    .                      (no gloves)
MR       .....                  (no barding)
Stlth    +.........             (no amulet)
HPRegen  0.20/turn              (no ring)
MPRegen  0.10/turn              (no ring)

@: short of breath, very slow
A: large, see invisible, deformed body, poison resistance, slowness 2, spit
poison 1, AC +2
a: Spit Poison, Bend Time, Renounce Religion


You were on level 4 of the Dungeon.
You worshipped Cheibriados.
Cheibriados was aware of your devotion.
You visited 1 branch of the dungeon, and saw 4 of its levels.

You collected 210 gold pieces.
You spent 42 gold pieces at shops.

Inventory:

Hand Weapons
 a - a +0 long sword (weapon)
Missiles
 d - 3 throwing nets (quivered)
Armour
 c - a +0 helmet (worn)
 e - a +0 ring mail (worn)
Scrolls
 b - 2 scrolls of noise {unknown}
 g - 2 scrolls of immolation
 i - a scroll of enchant armour {unknown}
 m - a scroll of teleportation {unknown}
 n - a scroll of fog {unknown}
 p - a scroll of identify
 q - 3 scrolls of remove curse
Potions
 f - 2 potions of curing
 h - a potion of haste {unknown}
 j - a potion of flight {unknown}
 k - a potion of ambrosia
 l - a potion of degeneration {unknown}
 o - 4 potions of magic
 r - a potion of heal wounds
 s - a potion of cancellation {unknown}


   Skills:
 + Level 4.1 Fighting
 + Level 4.7 Long Blades
 - Level 2.0 Throwing
 + Level 2.5 Armour
 + Level 3.8 Dodging


You had 6 spell levels left.
You didn't know any spells.
Your spell library was empty.

Dungeon Overview and Level Annotations

Branches:
Dungeon (4/15)
 Temple: D:4-7

Altars:
Ashenzari
Cheibriados
Okawaru
Qazlal
Uskayaw
Xom

Shops:
D:4 ?

Portals:
Abyss: D:3

Annotations:
D:3 2 transporters, epen's ghost, amateur GnBr


Innate Abilities, Weirdness & Mutations

You cannot wear boots.
Your serpentine skin is tough. (AC +2)
You have supernaturally acute eyesight. (SInv)
Armour fits poorly on your strangely shaped body.
Your system is resistant to poisons. (rPois)
You cover ground very slowly.
You can spit poison.


Message History

The orc priest barely misses you.
You hit Edmund.
Flame seeps out of Edmund.
Edmund is almost dead.
Flame seeps out of Edmund.
Edmund is engulfed in blazing flames.
Edmund explodes!
The fiery explosion engulfs the orc priest!!!
The orc priest explodes!
The fiery explosion engulfs the orc priest!!!
The orc priest explodes!
The fiery explosion engulfs the orc!!!
The orc explodes!
Cheibriados thoroughly appreciates the change of pace.
You have reached level 7!
Cheibriados appreciates the change of pace.
Your Fighting skill increases to level 4!
The fiery explosion engulfs you!
Cheibriados appreciates the change of pace.
Cheibriados raises the support of your attributes as your movement slows.
The fiery explosion engulfs you!!
You die...

......###.#.###....
............# ....##
....#.......###....#
....###.....##....##
....##.......##.o..#
....#..........§§§.#
..............§§§§##
#........##...§○§##
.........#.....#@#
..............##....#
...............##....#
.##....)...#...# ...##
.##.......###.(# ...#
..........# ##.. ..##
............ ......
............. ....
.............


You could see an orc priest.

Vanquished Creatures
  Eustachio (D:4)
  A sky beast (D:4)
  2 orc priests (D:4)
  A centaur skeleton (D:4)
  Ijyb (D:3)
  2 worker ants (D:4)
  4 adders
  An ooze (D:1)
  2 worms (D:3)
  2 leopard geckos
  5 orcs
  A ball python (D:1)
  3 giant cockroaches
  9 goblins
  5 hobgoblins
  2 jackals (D:1)
  5 bats
  7 frilled lizards
  5 kobolds
  9 rats
  A plant (D:1)
69 creatures vanquished.

Notes
Turn   | Place    | Note
-------+----------+-------------------------------------------
     0 | D:1      | KristoblXynda the Naga Gladiator began the quest for the
                  | Orb.
     0 | D:1      | Reached XP level 1. HP: 19/19 MP: 1/1
   558 | D:1      | Reached XP level 2. HP: 8/26 MP: 2/2
  1312 | D:1      | Reached XP level 3. HP: 33/33 MP: 3/3
  1866 | D:2      | Found a shimmering altar of Xom.
  2550 | D:2      | Found a hide-covered altar of Uskayaw.
  2550 | D:2      | Found an iron altar of Okawaru.
  2564 | D:2      | Found a snail-covered altar of Cheibriados.
  2564 | D:2      | Found a stormy altar of Qazlal.
  2811 | D:2      | Became a worshipper of Cheibriados the Contemplative
  3142 | D:3      | Noticed a small abomination
  3153 | D:3      | Noticed a toenail golem
  3170 | D:3      | Noticed a big kobold
  3171 | D:3      | Found a transporter.
  3207 | D:3      | Found a one-way gate to the infinite horrors of the Abyss.
  3207 | D:3      | Noticed epen's ghost (amateur GnBr)
  3207 | D:3      | Noticed a small abomination
  3217 | D:3      | Found a transporter.
  3302 | D:3      | Reached XP level 4. HP: 40/40 MP: 4/4
  3487 | D:3      | Noticed Ijyb
  3493 | D:3      | Killed Ijyb
  3493 | D:3      | Reached skill level 1 in Armour
  3718 | D:3      | Reached * piety under Cheibriados
  4411 | D:4      | Noticed a sky beast
  4418 | D:4      | Killed a sky beast
  4418 | D:4      | Reached XP level 5. HP: 41/49 MP: 5/5
  4444 | D:4      | Reached XP level 6. HP: 26/56 MP: 6/6
  4941 | D:4      | Noticed Eustachio
  4959 | D:4      | Killed Eustachio
  5290 | D:4      | Found a shattered altar of Ashenzari.
  5302 | D:4      | Found Kuter's Magic Scroll Boutique.
  5308 | D:4      | Bought a scroll of remove curse for 42 gold pieces
  5334 | D:4      | Noticed Edmund
  5349 | D:4      | Killed Edmund
  5349 | D:4      | Reached XP level 7. HP: 30/63 MP: 7/7
  5349 | D:4      | Killed from afar by Edmund

Illustrated notes

Levels and vault maps discovered:
D:1:      onia_arrival_handbag, layout_basic, serial_forest,
          infiniplex_forest_clump_long, infiniplex_forest_lined_4_way,
          infiniplex_forest_lined_3_way, infiniplex_forest_end_double,
          infiniplex_forest_clump_C, infiniplex_forest_clump_diagonal,
          infiniplex_forest_straight_1, wander_ebering_terrifying_dragon_lair
D:2:      layout_loops_ring, lemuel_coloured_pillars_altar, minitemple
D:3:      mumra_celtic_spiral_tile, layout_basic,
          gammafunk_ghost_abyssal_escape, mrwooster_statue_mirror,
          kennysheep_decorative_pillar, minmay_strange_pillars, uniq_ijyb
D:4:      layout_cave_pools, nicolae_overflow_crystal_walls, serial_shops,
          shop_scrolls, feat_on_display, uniq_edmund, uniq_eustachio

Skill      XL: |  1  2  3  4  5  6  7 |
---------------+----------------------+-----
Throwing       | 2 |  2.0
Armour         | 1 2 |  2.5
Dodging        | 3 |  3.8
Fighting       | 3 4 |  4.1
Long Blades    | 4 |  4.7

Action                   |  1- 3 |  4- 6 |  7- 9 || total
-------------------------+-------+-------+-------++-------
Melee: Long sword        |   141 |    93 |       ||   234
 Abil: Spit Poison       |     3 |     9 |       ||    12
  Use: Scroll            |       |     6 |       ||     6
       Potion            |       |     1 |       ||     1
Armor: Leather armour    |    35 |    15 |       ||    50
       Ring mail         |       |    21 |       ||    21
Dodge: Dodged            |    64 |    64 |       ||   128
       Rpst.: Long sword |    25 |    14 |       ||    39

Table legend: (Time is in decaauts)
 A = Elapsed time spent in this place.
 B = Non-inter-level travel time spent in this place.
 C = Inter-level travel time spent in this place.
 D = Time resting spent in this place.
 E = Time spent auto-exploring this place.
 F = Levels seen in this place.
 G = Mean time per level.
                   A        B        C        D        E       F      G
               +--------+--------+--------+--------+--------+-----+--------+
         Total |   7190 |   6542 |    648 |   1499 |   4031 |   4 | 1797.5 |
       Dungeon |   7190 |   6542 |    648 |   1499 |   4031 |   4 | 1797.5 |
               +--------+--------+--------+--------+--------+-----+--------+

Top non-repeatable levels by time:
     D:3: 2393 daAuts
     D:1: 2078 daAuts
     D:2: 1579 daAuts
     D:4: 1139 daAuts
